Map: Pillars of Gold LE

Players

SouLeer

  • Race: Zerg Zerg
  • Spawn Location: 1:00

LiquidMaNa (MaNa) - Winner!

  • Race: Protoss Protoss
  • League: Grandmaster
  • Spawn Location: 7:00

Event: DreamHack SC2 Masters 2020 Fall

VOD

Have the link to the VOD?

Description

Time

  • Played on: Sept. 2, 2020, 11:08 a.m.
  • Length: 5:43

All games in this series

Show
View Real Time Build Order
Export as new Build Order

SouLeer Zerg 

Build Orders: Hatch First 

Get SALT Encoding   

  12  0:02  Drone  
  13  0:13  Overlord  
  13  0:17  Drone  
  14  0:32  Drone x2  
  16  0:48  Drone x2  
  18  0:58  Hatchery  
  17  1:08  Extractor  
  16  1:15  Spawning Pool  
  16  1:18  Drone  
  16  1:21  Drone  
  17  1:26  Drone  
  17  1:30  Drone  
  19  1:41  Drone  
  20  1:51  Overlord  
  20  2:03  Queen  
  22  2:09  Queen  
  22  2:10  Zergling x4  
  27  2:15  Drone  
  27  2:19  Metabolic Boost  
  27  2:25  Drone  
  27  2:26  Drone  
  29  2:43  Hatchery  
  28  2:46  Drone  
  28  2:48  Drone  
  30  2:52  Drone  
  30  2:56  Overlord  
  31  2:58  Drone  
  31  3:00  Drone  
  33  3:08  Queen  
  33  3:11  Drone  
  36  3:17  Drone x2  
  36  3:19  Drone  
  38  3:22  Drone x2  
  40  3:28  Spore Crawler  
  40  3:29  Drone  
  40  3:31  Drone  
  41  3:36  Overlord  
  41  3:38  Drone  
  42  3:44  Queen  
  44  3:55  Drone x4, Baneling Nest  
  47  3:59  Drone  
  48  4:08  Spore Crawler  
  46  4:11  Zergling x10  
  46  4:13  Zergling x2  
  46  4:16  Queen  
  54  4:19  Zergling x2  
  54  4:21  Zergling x4  
  57  4:24  Zergling x2  
  57  4:25  Overlord  
  57  4:29  Overlord  
  58  4:40  Baneling  
  58  4:41  Baneling x4  
  58  4:45  Zergling x14  
  65  4:48  Zergling x4  
  65  4:51  Zergling x4  
  61  5:00  Drone  
  61  5:01  Drone x2, Zergling x2  
  61  5:02  Zergling x2  
  61  5:06  Zergling x2  
  64  5:11  Zergling x4  
  56  5:16  Zergling x2  
  56  5:18  Zergling x4  
  53  5:23  Zergling x4  
Show
View Real Time Build Order
Export as new Build Order

LiquidMaNa Protoss - Winner!

Build Orders: 1 Gate Expand, Mass Adepts 

Get SALT Encoding   

  12  0:00  Probe  
  13  0:12  Probe  
  14  0:20  Pylon  
  14  0:24  Probe  
  15  0:38  Probe (Chrono Boost)  
  16  0:44  Gateway  
  16  0:47  Probe (Chrono Boost)  
  17  0:53  Assimilator, Probe  
  18  1:05  Probe (Chrono Boost)  
  19  1:15  Probe (Chrono Boost)  
  20  1:28  Nexus  
  20  1:38  Cybernetics Core  
  20  1:41  Probe  
  21  1:48  Assimilator  
  21  1:53  Probe  
  22  1:58  Pylon  
  22  2:05  Probe  
  23  2:13  Adept (Chrono Boost)  
  23  2:16  Warp Gate  
  23  2:17  Probe  
  26  2:29  Probe  
  27  2:34  Twilight Council, Stalker (Chrono Boost)  
  29  2:42  Probe x2  
  31  2:53  Robotics Facility  
  31  2:56  Probe  
  31  2:57  Probe  
  35  3:18  Gateway  
  35  3:19  Resonating Glaives (Chrono Boost), Gateway  
  33  3:21  Gateway  
  33  3:26  Probe  
  34  3:28  Probe  
  34  3:33  Adept  
  37  3:39  Warp Prism (Chrono Boost)  
  37  3:45  Probe  
  37  3:47  Probe  
  41  3:54  Pylon  
  41  3:57  Probe  
  41  4:00  Assimilator  
  42  4:13  Adept x2  
  42  4:16  Adept x2  
  50  4:19  Pylon  
  50  4:21  Probe x2  
  52  4:25  Observer  
  52  4:29  Pylon  
  53  4:38  Adept x2  
  53  4:39  Adept  
  53  4:41  Adept  
  61  4:46  Probe  
  61  4:47  Probe  
  63  5:00  Probe  
  63  5:06  Adept x3  
  62  5:16  Adept  
  62  5:19  Probe  
  59  5:22  Probe  
  58  5:32  Adept x3  

Tags
 
Add a new tag
Caveats
  • Supply blocks, unpowered buildings, or Contaminate may cause inaccurate times.
  • Supply counts are checked every 10 seconds.